 Dungeon Crawl Stone Soup version 0.32-a0-913-g739538afd8 (webtiles) character file.

Game seed: 2642620594451713916

481 smashvw the Grave Robber (level 6, -1/32 HPs)
             Began as a Deep Elf Necromancer on Apr 9, 2024.
             Slain by a phantom (7 damage)
             ... on level 4 of the Dungeon.
             The game lasted 00:11:47 (4328 turns).

smashvw the Grave Robber (Deep Elf Necromancer)     Turns: 4328, Time: 00:11:48

Health: -1/32      AC:  2    Str:  5    XL:     6   Next: 87%
Magic:  18/18      EV: 11    Int: 22    God:
Gold:   212        SH:  0    Dex: 15    Spells: 11/19 levels left

rFire   . . .        g - +2 dagger (holy)
rCold   . . .        (no shield)
rNeg    . . .        a - +0 robe
rPois   .            (no helmet)
rElec   .            (no cloak)
rCorr   .            (no gloves)
SInv    .            (no boots)
Will    .....        (no amulet)
Stlth   ++           (no ring)
HPRegen 0.25/turn    (no ring)
MPRegen 0.16/turn

%: no passive effects
@: no status effects
A: no striking features
a: no special abilities


You were on level 4 of the Dungeon.
You visited 1 branch of the dungeon, and saw 4 of its levels.

You collected 212 gold pieces.

Inventory:

Hand Weapons
 g - a +2 dagger of holy wrath (weapon)
 w - a +0 short sword
Armour
 a - a +0 robe (worn)
 u - a +2 kite shield
Jewellery
 p - a +4 ring of protection
Wands
 t - a wand of paralysis (12)
Scrolls
 c - 5 scrolls of teleportation {unknown}
 f - a scroll of silence {unknown}
 k - a scroll of poison {unknown}
 o - a scroll of identify {unknown}
 s - 2 scrolls of noise {unknown}
 v - a scroll of amnesia {unknown}
Potions
 b - a potion of magic
 d - a potion of mutation {unknown}
 e - a potion of berserk rage {unknown}
 h - 2 potions of curing {unknown}
 i - a potion of brilliance {unknown}
 j - a potion of invisibility {unknown}
 l - a potion of resistance {unknown}
 m - a potion of enlightenment {unknown}
 n - 2 potions of heal wounds {unknown}
 q - a potion of ambrosia {unknown}
 r - a potion of might {unknown}


   Skills:
 - Level 2.4 Dodging
 - Level 2.4 Stealth
 + Level 7.3 Spellcasting
 + Level 7.8 Necromancy


You had 11 spell levels left.
You knew the following spells:

 Your Spells              Type           Power      Damage    Failure   Level
a - Necrotise             Necr           100%       1d9       1%          1
b - Vampiric Draining     Necr           42%        2d9       1%          3
c - Animate Dead          Necr           42%        N/A       3%          4

Your spell library contained the following spells:

 Spells                   Type           Power      Damage    Failure   Level
 Curse of Agony           Necr           42%        N/A       9%          5
 Leda's Liquefaction      Alch/Erth      4%         N/A       61%         4
 Lee's Rapid Deconstruct  Erth           4%         3d5*      91%         5
 Permafrost Eruption      Ice/Erth       4%         2x4d2     100%        6
 Haunt                    Necr/Summ      12%        N/A       100%        7
 Infestation              Necr           21%        N/A       100%        8


Dungeon Overview and Level Annotations

Branches:
Dungeon (4/15)
 Temple: D:4-7

Altars:

Annotations:
D:3 2 transporters, xianbchi's ghost, amateur OnHu


Message History

Casting: Necrotise (safe; 1% risk of failure)
Confirm with . or Enter, or press ? or * to list all spells.
You can't see any susceptible monsters within range! (Use Z to cast anyway.)
Casting: Necrotise (safe; 1% risk of failure)
Confirm with . or Enter, or press ? or * to list all spells.
Aiming: Necrotise (safe; 1% risk of failure)
Press: ? - help, Shift-Dir - straight line, f - phantom
Aim: a phantom (ally target, not susceptible)
The phantom is unaffected.
Your kobold skeleton barely misses the phantom.
The phantom hits you!
The phantom blinks!
You blink.
The phantom hits you but does no damage.
The phantom barely misses you.
You hear the drain falling apart.
The phantom barely misses you.
Your kobold skeleton closely misses the phantom.
The phantom hits you.
Your kobold skeleton closely misses the phantom.
The phantom barely misses your kobold skeleton.
You see here a +0 short sword.
w - a +0 short sword Your kobold skeleton hits the phantom but does no damage.
The phantom hits your kobold skeleton.
Your kobold skeleton is destroyed!
Your +2 dagger of holy wrath softly glows with a divine radiance!
g - a +2 dagger of holy wrath (weapon)
You are too injured to fight recklessly!
You are too injured to fight recklessly!
The phantom hits you.
You hit the phantom.
The phantom convulses.
The phantom is lightly damaged.
The phantom hits you but does no damage.
You hit the phantom.
The phantom convulses.
The phantom is heavily damaged.
The phantom hits you!
* * * LOW HITPOINT WARNING * * *
You hit the phantom.
The phantom convulses.
The phantom is heavily damaged.
The phantom hits you!
You die...

############
#####..W@......#
.........Z..###.#
.#####>####.# #.#
#.. #.# #.# #.##
.##.# #.# #.#
#.#.# #.# ...
#...# #.# ..
##...# #.# .
###.#..# #.#


You could see a phantom (ally target) and a friendly bombardier beetle zombie.

Vanquished Creatures
  Sigmund (D:3)
  A jelly (D:4)
  An orc priest (D:2)
  Ijyb (D:3)
  Robin (D:2)
  3 gnolls (D:4)
  3 adders
  4 ribbon worms (D:2)
  6 dart slugs
  11 orcs
  5 giant cockroaches (D:4)
  16 goblins
  9 hobgoblins
  8 jackals
  3 quokkas
  6 ball pythons
  7 bats
  2 frilled lizards (D:3)
  9 kobolds
  6 rats
103 creatures vanquished.

Vanquished Creatures (collateral kills)
  A bombardier beetle (D:4)
  An orc (D:3)
  A goblin (D:2)
  A rat (D:1)
4 creatures vanquished.

Vanquished Creatures (others)
  A giant cockroach zombie (D:4)
  A jackal zombie (D:4)
  2 orc zombies (D:3)
4 creatures vanquished.

Grand Total: 111 creatures vanquished

Notes
Turn   | Place    | Note
-------+----------+-------------------------------------------
     0 | D:1      | smashvw the Deep Elf Necromancer began the quest for the
                  | Orb.
     0 | D:1      | Reached XP level 1. HP: 10/10 MP: 6/6
   113 | D:1      | Reached skill level 5 in Necromancy
   417 | D:1      | Reached XP level 2. HP: 15/15 MP: 5/8
  1130 | D:2      | Reached XP level 3. HP: 19/19 MP: 6/10
  1134 | D:2      | Learned a level 3 spell: Vampiric Draining
  1226 | D:2      | Reached XP level 4. HP: 24/24 MP: 2/12
  1539 | D:2      | Noticed Robin
  1601 | D:2      | Killed Robin
  1602 | D:2      | Reached skill level 5 in Spellcasting
  1709 | D:2      | Found a faded altar of an unknown god.
  2045 | D:2      | Learned a level 4 spell: Animate Dead
  2482 | D:2      | Reached XP level 5. HP: 28/28 MP: 8/14
  2959 | D:3      | Noticed xianbchi's ghost (amateur OnHu)
  2960 | D:3      | Found a transporter.
  2960 | D:3      | Noticed a phantom
  2961 | D:3      | Found a transporter.
  3135 | D:3      | Noticed Sigmund
  3145 | D:3      | Killed Sigmund
  3146 | D:3      | Reached XP level 6. HP: 32/32 MP: 4/17
  3432 | D:3      | Noticed Ijyb
  3437 | D:3      | Killed Ijyb
  4328 | D:4      | Slain by a phantom

Illustrated notes

Levels and vault maps discovered:
D:1:      saegor_arrival_simple_b, layout_basic, chequers_serial_rivers_micro_d
D:2:      cheibrodos_pilgrimage, layout_loops_corners,
          shapermc_ecumenical_altar_hornbeckon, uniq_robin
D:3:      layout_loops_cross, gammafunk_ghost_mausoleum, minmay_hedge_maze,
          uniq_sigmund, uniq_ijyb
D:4:      layout_loops_ring, cheibrodos_sewer_entry_drain

Skill      XL: |  1  2  3  4  5  6 |
---------------+-------------------+-----
Necromancy     | 5 6 7 |  7.8
Spellcasting   | 4 5 6 7 |  7.3
Dodging        | |  2.4
Stealth        | |  2.4

Action                     |  1- 3 |  4- 6 || total
---------------------------+-------+-------++-------
  Melee: Dagger            |       |     3 ||     3
   Cast: Necrotise         |    46 |   172 ||   218
         Vampiric Draining |     1 |       ||     1
         Animate Dead      |       |     4 ||     4
 Armour: Robe              |     3 |    39 ||    42
  Dodge: Dodged            |     3 |    40 ||    43

Table legend: (Time is in decaauts)
 A = Elapsed time spent in this place.
 B = Non-inter-level travel time spent in this place.
 C = Inter-level travel time spent in this place.
 D = Time resting spent in this place.
 E = Time spent auto-exploring this place.
 F = Levels seen in this place.
 G = Mean time per level.
                   A        B        C        D        E       F      G
               +--------+--------+--------+--------+--------+-----+--------+
         Total |   4328 |   4222 |    106 |      0 |   3692 |   4 | 1082.0 |
       Dungeon |   4328 |   4222 |    106 |      0 |   3692 |   4 | 1082.0 |
               +--------+--------+--------+--------+--------+-----+--------+

Top non-repeatable levels by time:
     D:2: 1559 daAuts
     D:1: 1105 daAuts
     D:3: 1009 daAuts
     D:4: 654 daAuts
